cohdb
Replays
Latest Replays
All Replays
Popular Replays
Top Player Replays
Match Explorer
How It Works
Community
CoH3 Stats
Reddit
Sign in to upload your games and track your stats! →
Sign in with Steam
Match 42709856
Unlisted
Match 42709856
Overview
Messages
Build Orders
End
Engineer Squad
Selects Armored Battlegroup
Selects Assault Engineers
Construct Barracks
Assault Engineer Squad
1⁄4-ton 4x4 Truck
M1 Mortar Team
Assault Engineer Squad
Mechanized Support Center
Construct Medical Station
M1 Mortar Team
Construct Tank Depot
Assault Engineer Squad
Selects Fast Deploy
Selects Field Repairs
Selects War Machine
M4(105) Sherman Bulldozer
Assault Engineer Squad
Assault Engineer Squad
M18 Hellcat Tank Destroyer
M4A1 Sherman Medium Tank
AI Takeover
Wellington
alicece2
applejuice
$nackzor
$teenzor
Nashorn101
0
0
Comments
sign in to comment!
No comments posted yet!